| TOP OF THE 1ST |
|
Bristol Pirates batting - Pitching for San Diego (APP) Padres : RHP Liam Tate
|
|
Pitching: RHP Liam Tate
|
|
|
Batting: RHB Matt Derrien
|
0-0: Ball 1-0: Swinging Strike 1-1: Ball 2-1: Called Strike 2-2: Ball 3-2: Strikes out looking
|
|
Batting: RHB Ryan Thurston
|
0-0: Ball 1-0: Called Strike 1-1: Ball 2-1: Foul Ball, location: 2F 2-2: Foul Ball, location: 2F 2-2: SINGLE (Flyball, 6MD, EV 82.5 MPH)
|
|
Batting: RHB Jon Solis
|
0-0: Called Strike 0-1: Ball Ryan Thurston is caught stealing 2nd base 2-4 1-1: Called Strike 1-2: Foul Ball, location: 2F 1-2: Ball 2-2: Ball 3-2: Fly out, F9 (Flyball, 89S, EV 95.0 MPH)
|
| Top of the 1st over - 0 runs, 1 hit, 0 errors, 0 left on base; Bristol 0 - San Diego (APP) 0 |
| BOTTOM OF THE 1ST |
|
San Diego (APP) Padres batting - Pitching for Bristol Pirates : RHP Pablo Ramirez
|
|
Pitching: RHP Pablo Ramirez
|
|
|
Batting: RHB Alex Collazo
|
0-0: Called Strike 0-1: Ball 1-1: Ball 2-1: SINGLE (Groundball, 6M, EV 101.2 MPH) (infield hit)
|
|
Batting: RHB Brian Klinkner
|
0-0: Ball 1-0: Ball 2-0: Called Strike 2-1: Ball 3-1: Base on Balls Alex Collazo to second
|
|
Batting: LHB Justin Daley
|
0-0: Fielders Choice at 2nd, 4-6 (Groundball, 4, EV 88.8 MPH) Alex Collazo to third
|
|
Batting: RHB Norinaga Yamakawakamatsu
|
0-0: Called Strike 0-1: DOUBLE (Line Drive, 78XD, EV 105.6 MPH) Alex Collazo scores Justin Daley to third
|
|
Batting: RHB Max Stillo
|
0-0: Called Strike 0-1: Foul Ball, location: 2F 0-2: Foul Ball, location: 2F 0-2: Ball 1-2: 3-RUN HOME RUN (Line Drive, 7LD, EV 97.5 MPH), Distance : 393 ft
|
|
Batting: RHB Ed Oake
|
0-0: Ball 1-0: Swinging Strike 1-1: Foul Ball, location: 2F 1-2: Strikes out looking
|
|
Batting: LHB Gary Corrales
|
0-0: Foul Ball, location: 2F 0-1: Swinging Strike 0-2: Foul Ball, location: 2F 0-2: Foul Ball, location: 2F 0-2: Ball 1-2: Ball 2-2: Strikes out swinging
|
| Bottom of the 1st over - 4 runs, 3 hits, 0 errors, 0 left on base; Bristol 0 - San Diego (APP) 4 |
| TOP OF THE 2ND |
|
Bristol Pirates batting - Pitching for San Diego (APP) Padres : RHP Liam Tate
|
|
Batting: SHB Juan Ayala
|
0-0: Called Strike 0-1: Swinging Strike 0-2: Ball 1-2: Strikes out swinging
|
|
Batting: LHB Ernesto Gasca
|
0-0: Called Strike 0-1: Fly out, F7 (Flyball, 7LS, EV 96.2 MPH)
|
|
Batting: SHB Nathan Clement
|
0-0: Foul Ball, location: 2F 0-1: Swinging Strike 0-2: Ball 1-2: Foul Ball, location: 2F 1-2: Strikes out swinging
|
| Top of the 2nd over - 0 runs, 0 hits, 0 errors, 0 left on base; Bristol 0 - San Diego (APP) 4 |
| BOTTOM OF THE 2ND |
|
San Diego (APP) Padres batting - Pitching for Bristol Pirates : RHP Pablo Ramirez
|
|
Batting: RHB Brian DeVoe
|
0-0: Ground out 4-3 (Groundball, 4, EV 90.6 MPH)
|
|
Batting: RHB Rod Johnson
|
0-0: Ball 1-0: Ball 2-0: Ball 3-0: Called Strike 3-1: Base on Balls
|
|
Batting: RHB Alex Collazo
|
0-0: Foul Ball, location: 2F 0-1: Ball 1-1: Called Strike 1-2: SINGLE (Groundball, 6M, EV 105.6 MPH) (infield hit) Rod Johnson to second
|
|
Batting: RHB Brian Klinkner
|
0-0: Called Strike 0-1: Ball 1-1: Fly out, F7 (Flyball, 7, EV 80.0 MPH)
|
|
Batting: LHB Justin Daley
|
0-0: Ball 1-0: Ball 2-0: Foul Ball, location: 2F 2-1: SINGLE (Groundball, 6D, EV 95.0 MPH) Rod Johnson to third Alex Collazo to second Runner from 3rd tries for Home, SAFE, throw by CF to home
|
|
Pitching: LHP Francisco Mendoza
|
|
|
Batting: RHB Norinaga Yamakawakamatsu
|
0-0: Ball 1-0: Called Strike 1-1: Ball 2-1: Foul Ball, location: 2F 2-2: Ball 3-2: Foul Ball, location: 2F 3-2: Base on Balls Alex Collazo to third Justin Daley to second
|
|
Batting: RHB Max Stillo
|
0-0: Ball 1-0: Ball 2-0: Foul Ball, location: 2F 2-1: Ball 3-1: Swinging Strike 3-2: Ground out 6-3 (Groundball, 6, EV 88.8 MPH)
|
| Bottom of the 2nd over - 1 run, 2 hits, 0 errors, 3 left on base; Bristol 0 - San Diego (APP) 5 |
| TOP OF THE 3RD |
|
Bristol Pirates batting - Pitching for San Diego (APP) Padres : RHP Liam Tate
|
|
Batting: LHB Tommie Benefield
|
0-0: SINGLE (Groundball, 6MD, EV 94.4 MPH)
|
|
Batting: RHB Brian Brewster
|
0-0: Ball 1-0: Called Strike 1-1: Ball 2-1: SINGLE (Line Drive, 5D, EV 96.2 MPH) Tommie Benefield to second
|
|
Batting: RHB Zachery Loomis
|
0-0: Ball 1-0: Foul Ball, location: 2F 1-1: Swinging Strike 1-2: Foul Ball, location: 2F 1-2: Strikes out swinging
|
|
Batting: RHB Matt Derrien
|
0-0: DOUBLE (Flyball, 8LXD, EV 103.8 MPH) Tommie Benefield scores Brian Brewster to third Runner from 3rd tries for Home, SAFE, no throw by CF
|
|
Batting: RHB Ryan Thurston
|
0-0: Called Strike 0-1: Called Strike 0-2: Ground out 6-3 (Groundball, 56, EV 97.5 MPH)
|
|
Batting: RHB Jon Solis
|
0-0: Called Strike 0-1: Ball 1-1: Foul Ball, location: 2F 1-2: Strikes out looking
|
| Top of the 3rd over - 2 runs, 3 hits, 0 errors, 1 left on base; Bristol 2 - San Diego (APP) 5 |
| BOTTOM OF THE 3RD |
|
San Diego (APP) Padres batting - Pitching for Bristol Pirates : LHP Francisco Mendoza
|
|
Batting: RHB Ed Oake
|
0-0: Foul Ball, location: 2F 0-1: Called Strike 0-2: Ground out 5-3 (Groundball, 56, EV 98.1 MPH)
|
|
Batting: LHB Gary Corrales
|
0-0: Ball 1-0: Ground out U3 (Groundball, 34, EV 86.9 MPH)
|
|
Batting: RHB Brian DeVoe
|
0-0: Hit by Pitch
|
|
Batting: RHB Rod Johnson
|
0-0: Called Strike 0-1: Called Strike Brian DeVoe is caught stealing 2nd base 2-4
|
| Bottom of the 3rd over - 0 runs, 0 hits, 0 errors, 0 left on base; Bristol 2 - San Diego (APP) 5 |
| TOP OF THE 4TH |
|
Bristol Pirates batting - Pitching for San Diego (APP) Padres : RHP Liam Tate
|
|
Batting: SHB Juan Ayala
|
0-0: Ground out 1-3 (Groundball, 13, EV 63.8 MPH)
|
|
Batting: LHB Ernesto Gasca
|
0-0: Ball 1-0: Fly out, F9 (Flyball, 9S, EV 90.0 MPH)
|
|
Batting: SHB Nathan Clement
|
0-0: Ball 1-0: Ball 2-0: Called Strike 2-1: Foul Ball, location: 2F 2-2: Ground out 5-3 (Groundball, 5, EV 84.4 MPH)
|
| Top of the 4th over - 0 runs, 0 hits, 0 errors, 0 left on base; Bristol 2 - San Diego (APP) 5 |
| BOTTOM OF THE 4TH |
|
San Diego (APP) Padres batting - Pitching for Bristol Pirates : LHP Francisco Mendoza
|
|
Batting: RHB Rod Johnson
|
0-0: Called Strike 0-1: Called Strike 0-2: Strikes out looking
|
|
Batting: RHB Alex Collazo
|
0-0: Called Strike 0-1: Ball 1-1: Called Strike 1-2: Foul Ball, location: 2F 1-2: Ball 2-2: Ball 3-2: Base on Balls
|
|
Batting: RHB Brian Klinkner
|
0-0: Ball Alex Collazo is caught stealing 2nd base 2-4 1-0: Foul Ball, location: 2F 1-1: Ball 2-1: Ball 3-1: Base on Balls
|
|
Batting: LHB Justin Daley
|
0-0: SINGLE (Groundball, 6MS, EV 66.2 MPH) (infield hit) Brian Klinkner to second
|
|
Batting: RHB Norinaga Yamakawakamatsu
|
0-0: Swinging Strike 0-1: Ball 1-1: Swinging Strike 1-2: Strikes out swinging
|
| Bottom of the 4th over - 0 runs, 1 hit, 0 errors, 2 left on base; Bristol 2 - San Diego (APP) 5 |
| TOP OF THE 5TH |
|
Bristol Pirates batting - Pitching for San Diego (APP) Padres : RHP Liam Tate
|
|
Batting: LHB Tommie Benefield
|
0-0: Fly out, F7 (Flyball, 78S, EV 88.8 MPH)
|
|
Batting: RHB Brian Brewster
|
0-0: Ball 1-0: Called Strike 1-1: Called Strike 1-2: Ball 2-2: Strikes out swinging
|
|
Batting: RHB Zachery Loomis
|
0-0: SINGLE (Groundball, P, EV 91.9 MPH) (infield hit)
|
|
Batting: RHB Matt Derrien
|
0-0: Foul Ball, location: 2F 0-1: Ball 1-1: Ball 2-1: Swinging Strike 2-2: Ball 3-2: Ground out 4-3 (Groundball, 4, EV 98.1 MPH)
|
| Top of the 5th over - 0 runs, 1 hit, 0 errors, 1 left on base; Bristol 2 - San Diego (APP) 5 |
| BOTTOM OF THE 5TH |
|
San Diego (APP) Padres batting - Pitching for Bristol Pirates : LHP Francisco Mendoza
|
|
Batting: RHB Max Stillo
|
0-0: Foul Ball, location: 2F 0-1: Ball 1-1: Foul Ball, location: 2F 1-2: Foul Ball, location: 2F 1-2: Ball 2-2: Foul Ball, location: 2F 2-2: Foul Ball, location: 2F 2-2: Foul Ball, location: 2F 2-2: SOLO HOME RUN (Flyball, 7LD, EV 93.1 MPH), Distance : 374 ft
|
|
Batting: RHB Ed Oake
|
0-0: Ball 1-0: Ball 2-0: Foul Ball, location: 2F 2-1: Foul Ball, location: 2F 2-2: DOUBLE (Line Drive, 7LM, EV 107.5 MPH)
|
|
Pinch Runner at 2nd Antonio Martinez:
|
|
|
Batting: LHB Gary Corrales
|
0-0: Fly out, F8 (Flyball, 8LD, EV 83.1 MPH)
|
|
Batting: RHB Brian DeVoe
|
0-0: Called Strike 0-1: Foul Ball, location: 2F 0-2: Foul Ball, location: 2F 0-2: Ball 1-2: Ball 2-2: Foul Ball, location: 2F 2-2: Ground out 1-3 (Groundball, 15S, EV 63.1 MPH)
|
|
Pitching: LHP Ighlas Kumbuka
|
|
|
Batting: RHB Rod Johnson
|
0-0: Called Strike 0-1: Ball 1-1: Swinging Strike 1-2: Strikes out swinging
|
| Bottom of the 5th over - 1 run, 2 hits, 0 errors, 1 left on base; Bristol 2 - San Diego (APP) 6 |
| TOP OF THE 6TH |
|
Bristol Pirates batting - Pitching for San Diego (APP) Padres : RHP Liam Tate
|
|
Now at 3B: Norinaga Yamakawakamatsu
|
|
|
Now in RF: Antonio Martinez
|
|
|
Batting: RHB Ryan Thurston
|
0-0: Swinging Strike 0-1: Ball 1-1: Foul Ball, location: 2F 1-2: Ball 2-2: Foul Ball, location: 2F 2-2: Ball 3-2: Strikes out swinging
|
|
Batting: RHB Jon Solis
|
0-0: Fly out, F1 (Line Drive, P, EV 75.0 MPH)
|
|
Batting: SHB Juan Ayala
|
0-0: Ball 1-0: Ball 2-0: Foul Ball, location: 2F 2-1: Foul Ball, location: 2F 2-2: Ball 3-2: Foul Ball, location: 2F 3-2: Strikes out swinging
|
| Top of the 6th over - 0 runs, 0 hits, 0 errors, 0 left on base; Bristol 2 - San Diego (APP) 6 |
| BOTTOM OF THE 6TH |
|
San Diego (APP) Padres batting - Pitching for Bristol Pirates : LHP Ighlas Kumbuka
|
|
Batting: RHB Alex Collazo
|
0-0: SINGLE (Groundball, 4MS, EV 63.1 MPH) (infield hit)
|
|
Batting: RHB Brian Klinkner
|
0-0: Called Strike 0-1: Ball 1-1: Foul Ball, location: 2F 1-2: Foul Ball, location: 2F 1-2: Ball 2-2: Fly out, F4 (Popup, 4M, EV 53.8 MPH)
|
|
Batting: LHB Justin Daley
|
0-0: Grounds into double play, 4-6-3 (Groundball, 4, EV 89.4 MPH)
|
| Bottom of the 6th over - 0 runs, 1 hit, 0 errors, 0 left on base; Bristol 2 - San Diego (APP) 6 |
| TOP OF THE 7TH |
|
Bristol Pirates batting - Pitching for San Diego (APP) Padres : RHP Liam Tate
|
|
Batting: LHB Ernesto Gasca
|
0-0: Foul Ball, location: 2F 0-1: Called Strike 0-2: Foul Ball, location: 2F 0-2: Strikes out swinging
|
|
Pitching: RHP Danny Valdovinos
|
|
|
Batting: SHB Nathan Clement
|
0-0: Ball 1-0: Foul Ball, location: 2F 1-1: Ball 2-1: Ball 3-1: Fly out, F8 (Flyball, 8RD, EV 91.2 MPH)
|
|
Batting: LHB Tommie Benefield
|
0-0: Called Strike 0-1: Ball 1-1: Foul Ball, location: 2F 1-2: Ground out U3 (Groundball, 3, EV 86.2 MPH)
|
| Top of the 7th over - 0 runs, 0 hits, 0 errors, 0 left on base; Bristol 2 - San Diego (APP) 6 |
| BOTTOM OF THE 7TH |
|
San Diego (APP) Padres batting - Pitching for Bristol Pirates : LHP Ighlas Kumbuka
|
|
Batting: RHB Norinaga Yamakawakamatsu
|
0-0: Ball 1-0: Ball 2-0: Called Strike 2-1: Ball 3-1: Base on Balls
|
|
Batting: RHB Max Stillo
|
0-0: Called Strike 0-1: Ball 1-1: Ball 2-1: Foul Ball, location: 2F 2-2: Ball 3-2: Foul Ball, location: 2F 3-2: Base on Balls Norinaga Yamakawakamatsu to second
|
|
Batting: RHB Antonio Martinez
|
0-0: Bunt missed! 0-1: Sac Bunt to 13 - play at first, batter OUT! 1-4 Norinaga Yamakawakamatsu to third Max Stillo to second
|
|
Batting: LHB Gary Corrales
|
0-0: Ball 1-0: Foul Ball, location: 2F 1-1: Foul Ball, location: 2F 1-2: SINGLE (Line Drive, 34, EV 97.5 MPH) Norinaga Yamakawakamatsu scores Max Stillo to third
|
|
Pitching: RHP Dustin Hamblin
|
|
|
Batting: RHB Brian DeVoe
|
0-0: Ball 1-0: Foul Ball, location: 2F 1-1: Ball 2-1: Foul Ball, location: 2F 2-2: Foul Ball, location: 2F 2-2: SINGLE (Line Drive, 6MD, EV 105.0 MPH) Max Stillo scores Gary Corrales to second
|
|
Batting: RHB Rod Johnson
|
0-0: Ball 1-0: Ball 2-0: Ball 3-0: Called Strike 3-1: Swinging Strike 3-2: Strikes out swinging
|
|
Batting: RHB Alex Collazo
|
0-0: Swinging Strike 0-1: Swinging Strike 0-2: Foul Ball, location: 2F 0-2: Ball 1-2: Foul Ball, location: 2F 1-2: Strikes out swinging
|
| Bottom of the 7th over - 2 runs, 2 hits, 0 errors, 2 left on base; Bristol 2 - San Diego (APP) 8 |
| TOP OF THE 8TH |
|
Bristol Pirates batting - Pitching for San Diego (APP) Padres : RHP Danny Valdovinos
|
|
Batting: RHB Brian Brewster
|
0-0: Ball 1-0: Called Strike 1-1: Swinging Strike 1-2: Strikes out swinging
|
|
Pinch Hitting: LHB Sun-wei Kuai
|
0-0: Foul Ball, location: 2F 0-1: Ball 1-1: Foul Ball, location: 2F 1-2: Ball 2-2: SOLO HOME RUN (Flyball, 89XD, EV 111.9 MPH), Distance : 433 ft
|
|
Batting: RHB Matt Derrien
|
0-0: Ball 1-0: Swinging Strike 1-1: Foul Ball, location: 2F 1-2: Strikes out swinging
|
|
Batting: RHB Ryan Thurston
|
0-0: Ground out 5-3 (Groundball, 56S, EV 83.8 MPH)
|
| Top of the 8th over - 1 run, 1 hit, 0 errors, 0 left on base; Bristol 3 - San Diego (APP) 8 |
| BOTTOM OF THE 8TH |
|
San Diego (APP) Padres batting - Pitching for Bristol Pirates : RHP Dustin Hamblin
|
|
Now at SS: Jason Rhodes
|
|
|
Batting: RHB Brian Klinkner
|
0-0: Ball 1-0: Called Strike 1-1: Foul Ball, location: 2F 1-2: Ball 2-2: SINGLE (Groundball, 13, EV 90.6 MPH) (infield hit)
|
|
Batting: LHB Justin Daley
|
0-0: Called Strike 0-1: Called Strike 0-2: Ball 1-2: Foul Ball, location: 2F 1-2: Fielders Choice at 2nd, 1-4 (Groundball, 15S, EV 63.8 MPH)
|
|
Pitching: RHP Otok Barleyfoot
|
|
|
Batting: RHB Norinaga Yamakawakamatsu
|
0-0: Swinging Strike 0-1: Ball 1-1: Swinging Strike 1-2: Strikes out swinging
|
|
Batting: RHB Max Stillo
|
0-0: Called Strike 0-1: Ball 1-1: Called Strike 1-2: Foul Ball, location: 2F 1-2: Strikes out swinging
|
| Bottom of the 8th over - 0 runs, 1 hit, 0 errors, 1 left on base; Bristol 3 - San Diego (APP) 8 |
| TOP OF THE 9TH |
|
Bristol Pirates batting - Pitching for San Diego (APP) Padres : RHP Danny Valdovinos
|
|
Batting: RHB Jon Solis
|
0-0: Foul Ball, location: 2F 0-1: Ball 1-1: Ball 2-1: Foul Ball, location: 2F 2-2: Ball 3-2: Foul Ball, location: 2F 3-2: Base on Balls
|
|
Pitching: RHP Danny Araiza
|
|
|
Batting: SHB Juan Ayala
|
0-0: Grounds into double play, U6-3 (Groundball, 4M, EV 92.5 MPH)
|
|
Batting: LHB Ernesto Gasca
|
0-0: Foul Ball, location: 2F 0-1: Ball 1-1: Called Strike 1-2: Ball 2-2: Ground out 4-3 (Groundball, 4, EV 86.2 MPH)
|
| Top of the 9th over - 0 runs, 0 hits, 0 errors, 0 left on base; Bristol 3 - San Diego (APP) 8 |
|